 Dungeon Crawl Stone Soup version 0.31-a0-331-geda263fcf1 (webtiles) character file.

Game seed: 8849877578710766447

814 javelincjr the Trooper (level 7, -1/52 HPs)
             Began as a Demonspawn Fighter on July 19, 2023.
             Was a Follower of Hepliaklqana.
             Slain by an iguana (10 damage)
             ... on level 5 of the Dungeon.
             The game lasted 00:14:23 (3765 turns).

javelincjr the Trooper (Demonspawn Fighter)         Turns: 3765, Time: 00:14:23

Health: -1/52      AC:  9    Str: 25    XL:     7   Next: 62%
Magic:  7/7        EV:  8    Int:  9    God:    Hepliaklqana [*.....]
Gold:   268        SH:  5    Dex: 16    Spells: 6/6 levels left

rFire   + . .        a - +0 trident
rCold   . . .        c - +0 buckler
rNeg    . . .        l - +0 chain mail
rPois   .            (helmet restricted)
rElec   .            (no cloak)
rCorr   .            (no gloves)
SInv    .            (no boots)
Will    .....        (no amulet)
Stlth   +            m - +6 ring of strength
HPRegen 0.28/turn    w - ring of protection from fire
MPRegen 0.10/turn

%: no passive effects
@: no status effects
A: reduced essence, horns 1, thin skeletal structure 2
a: Renounce Religion, Recall Ancestor, Ancestor Identity


You were on level 5 of the Dungeon.
You worshipped Hepliaklqana.
Hepliaklqana was aware of your devotion.
You visited 1 branch of the dungeon, and saw 5 of its levels.

You collected 268 gold pieces.

Inventory:

Hand Weapons
 a - a +0 trident (weapon)
Missiles
 h - 2 poisoned darts
 p - 21 stones
Armour
 b - a +0 scale mail
 c - a +0 buckler (worn)
 l - a +0 chain mail (worn)
Jewellery
 m - a +6 ring of strength (left hand)
 w - a ring of protection from fire (right hand)
 x - a ring of protection from fire
Wands
 d - a wand of charming (10)
 n - a wand of flame (14)
Scrolls
 f - 4 scrolls of fog {unknown}
 g - 6 scrolls of identify {unknown}
 o - a scroll of noise {unknown}
 q - a scroll of torment {unknown}
 r - 2 scrolls of immolation {unknown}
 v - a scroll of teleportation {unknown}
Potions
 i - a potion of curing
 j - 2 potions of magic {unknown}
 k - a potion of heal wounds {unknown}
 s - a potion of brilliance {unknown}
 t - a potion of haste {unknown}
 u - a potion of degeneration {unknown}


   Skills:
 * Level 6.1 Fighting
 + Level 3.9 Polearms
 + Level 4.4 Armour
 + Level 4.4 Shields


You had 6 spell levels left.
You didn't know any spells.
Your spell library contained the following spells:

 Spells                   Type           Power      Damage    Failure   Level
 Kiss of Death            Conj/Necr      0%         2d5       94%         1
 Confusing Touch          Hex            0%         N/A       100%        3
 Dispel Undead            Necr           0%         3d6       100%        4


Dungeon Overview and Level Annotations

Branches:
Dungeon (5/15)
 Temple: D:4-7

Altars:
Hepliaklqana
Ru

Shops:
D:2 :

Annotations:
D:3 Pooter's ghost, amateur MiDe


Innate Abilities, Weirdness & Mutations

Your life essence is reduced to manifest your ancestor. (-10% HP)
You have a pair of small horns on your head.
You have a moderately thin skeletal structure. (Dex +4, Stealth++)


Message History

You puncture the bullfrog!
You kill the bullfrog!
You feel very sick.
Your Fighting skill increases to level 6!
You puncture the orc!
You kill the orc!
You feel sick.
You hit the orc but do no damage.
You feel sick. You block the orc's attack.
You puncture the orc!
You kill the orc!
You feel sick.
You barely miss the orc. You headbutt the orc, but do no damage.
You feel sick. The orc hits you with a +3 whip.
* * * LOW HITPOINT WARNING * * *
You block the orc's attack.
You puncture the orc!
You kill the orc!
You feel sick.
You hit the iguana.
The iguana is moderately wounded.
You feel sick. The iguana barely misses you.
You hit the iguana.
The iguana is heavily wounded.
You feel sick.
You are no longer poisoned.
You block the iguana's attack.
You hit the iguana.
You headbutt the iguana, but do no damage.
The iguana is severely wounded.
The iguana bites you.
* * * LOW HITPOINT WARNING * * *
You puncture the iguana!
You kill the iguana!
You hit the iguana.
The iguana is moderately wounded.
You block the iguana's attack.
You puncture the iguana! You headbutt the iguana.
The iguana is almost dead.
The iguana bites you!
You die...

#....# ###.....# #....#
##.......#
#....#####..#.....##
#.....)............#
#####....####.##........
.........# #.###.....#.
.........# #.# ####....
.........####.# #####
.....##@###...#########
.....##l##..###......<#
.......o...<# #.......#
.....##.#...###.......#
.### #...#...........#
#..######.......## ##..#
#..^......
#...######.......#
.............Fo########.


You could see an iguana and an orc.

Vanquished Creatures
  An ice beast (D:4)
  2 phantoms
  A bullfrog (D:5)
  4 scorpions
  Terence (D:2)
  An iguana (D:5)
  Robin (D:2)
  8 gnolls
  5 adders
  3 worms
  A dart slug (D:1)
  5 orcs
  3 ball pythons
  8 endoplasms
  4 giant cockroaches
  10 goblins
  3 hobgoblins
  2 jackals (D:4)
  A kobold (D:4)
  4 quokkas
  2 bats (D:2)
  7 frilled lizards
  3 rats
80 creatures vanquished.

Vanquished Creatures (collateral kills)
  An orc (D:5)
1 creature vanquished.

Vanquished Creatures (others)
  An ancestor (D:5)
1 creature vanquished.

Grand Total: 82 creatures vanquished

Notes
Turn   | Place    | Note
-------+----------+-------------------------------------------
     0 | D:1      | javelincjr the Demonspawn Fighter began the quest for the
                  | Orb.
     0 | D:1      | Reached XP level 1. HP: 18/18 MP: 1/1
   139 | D:1      | Gained mutation: You have a pair of small horns on your
                  | head. [demonic ancestry]
   139 | D:1      | Reached XP level 2. HP: 24/24 MP: 2/2
   148 | D:1      | You fall into a shaft and drop 1 floor!
   790 | D:2      | Gained mutation: You have a somewhat thin skeletal
                  | structure. (Dex +2, Stealth+) [demonic ancestry]
   790 | D:2      | Reached XP level 3. HP: 29/29 MP: 3/3
   827 | D:2      | Noticed Terence
   841 | D:2      | Killed Terence
  1041 | D:2      | Found Xubuow's Book Emporium.
  1053 | D:2      | Reached XP level 4. HP: 37/37 MP: 4/4
  1236 | D:2      | Noticed Robin
  1270 | D:2      | Killed Robin
  1447 | D:2      | Found a faded altar of an unknown god.
  1456 | D:2      | Prayed at the altar of an unknown god.
  1456 | D:2      | Became a worshipper of Ru the Awakened
  1681 | D:3      | Found a transporter.
  1684 | D:3      | Noticed Pooter's ghost (amateur MiDe)
  1724 | D:3      | Found a transporter.
  1800 | D:3      | Reached skill level 4 in Fighting
  2034 | D:3      | Found a hazy altar of Hepliaklqana.
  2039 | D:3      | Fell from the grace of Ru
  2039 | D:3      | Became a worshipper of Hepliaklqana the Forgotten
  2652 | D:4      | Noticed a phantom
  2674 | D:4      | Killed a phantom
  2675 | D:4      | Reached XP level 5. HP: 39/43 MP: 5/5
  2785 | D:4      | Gained mutation: You have a moderately thin skeletal
                  | structure. (Dex +4, Stealth++) [demonic ancestry]
  2785 | D:4      | Reached XP level 6. HP: 45/49 MP: 6/6
  3170 | D:4      | Noticed an ice beast
  3183 | D:4      | Killed an ice beast
  3184 | D:4      | Reached skill level 5 in Fighting
  3504 | D:4      | Reached XP level 7. HP: 50/56 MP: 7/7
  3630 | D:5      | Entered Level 5 of the Dungeon
  3651 | D:5      | Reached * piety under Hepliaklqana
  3755 | D:5      | Reached skill level 6 in Fighting
  3765 | D:5      | Slain by an iguana

Illustrated notes

Levels and vault maps discovered:
D:1:      dpeg_arrival_arbitrary_b, layout_basic
D:2:      layout_basic, ebering_ecumenical_altar_webs, serial_shops,
          nicolae_shop_crystal, minmay_lizard_pond, uniq_robin, uniq_terence
D:3:      layout_basic, nzn_hepliaklqana_mist_gate, gammafunk_ghost_mausoleum,
          nicolae_houndstooth_variations
D:4:      layout_basic, elyvilon_altar_3
D:5:      layout_rooms, chequers_temple_overflow_statue_of_worship

Skill      XL: |  1  2  3  4  5  6  7 |
---------------+----------------------+-----
Polearms       | 2 3 |  3.9
Armour         | 3 4 |  4.4
Shields        | 3 4 |  4.4
Fighting       | 4 5 6 |  6.1

Action                     |  1- 3 |  4- 6 |  7- 9 || total
---------------------------+-------+-------+-------++-------
  Melee: Trident           |    85 |   173 |    44 ||   302
         Headbutt          |     6 |    18 |    11 ||    35
  Evoke: Wand              |       |     3 |       ||     3
    Use: Potion            |       |     2 |       ||     2
         Scroll            |       |       |     1 ||     1
 Armour: Scale mail        |    19 |       |       ||    19
         Chain mail        |    10 |    84 |    16 ||   110
  Dodge: Dodged            |    30 |    73 |    17 ||   120
  Block: Buckler           |    21 |    38 |     8 ||    67

Table legend: (Time is in decaauts)
 A = Elapsed time spent in this place.
 B = Non-inter-level travel time spent in this place.
 C = Inter-level travel time spent in this place.
 D = Time resting spent in this place.
 E = Time spent auto-exploring this place.
 F = Levels seen in this place.
 G = Mean time per level.
                   A        B        C        D        E       F      G
               +--------+--------+--------+--------+--------+-----+--------+
         Total |   3823 |   3765 |     58 |    341 |   2557 |   5 |  764.6 |
       Dungeon |   3823 |   3765 |     58 |    341 |   2557 |   5 |  764.6 |
               +--------+--------+--------+--------+--------+-----+--------+

Top non-repeatable levels by time:
     D:3: 1095 daAuts
     D:2: 1017 daAuts
     D:4: 922 daAuts
     D:1: 646 daAuts
     D:5: 141 daAuts
